Map: Eternal Empire LE

Players

Slaight

  • Race: Protoss Protoss
  • League: Platinum
  • Spawn Location: 1:00

PeterGriffin - Winner!

  • Race: Zerg Zerg
  • League: Platinum
  • Spawn Location: 7:00

VOD

Have the link to the VOD?

Description

Time

  • Played on: Aug. 22, 2020, 2:54 p.m.
  • Length: 2:47
Show
View Real Time Build Order
Export as new Build Order

Slaight Protoss 

Build Orders: 1 Gate Expand 

Get SALT Encoding   

  12  0:01  Probe  
  13  0:13  Probe  
  14  0:19  Pylon  
  14  0:25  Assimilator  
  14  0:29  Probe (Chrono Boost)  
  15  0:40  Probe (Chrono Boost)  
  16  0:46  Gateway  
  16  0:51  Probe  
  17  1:03  Probe  
  18  1:15  Probe  
  19  1:23  Nexus  
  19  1:27  Probe  
  20  1:38  Cybernetics Core  
  20  1:42  Probe  
  20  1:46  Assimilator  
  21  1:53  Pylon  
  21  2:01  Probe  
  22  2:13  Probe  
  23  2:33  Pylon  
  23  2:34  Pylon  
  23  2:37  Pylon  
Show
View Real Time Build Order
Export as new Build Order

PeterGriffin Zerg - Winner!

Build Orders: Pool First 

Get SALT Encoding   

  12  0:18  Spawning Pool  
  11  0:21  Drone  
  11  0:26  Drone  
  13  0:30  Drone  
  14  0:39  Overlord  
  14  1:05  Zergling x2  
  14  1:06  Queen, Extractor, Zergling x4  
  18  1:17  Drone  
  19  1:29  Drone  
  20  1:42  Drone  
  20  1:43  Hatchery  
  20  1:51  Overlord  
  20  2:03  Zergling x2  
  21  2:17  Zergling x8  
Tags
 
Add a new tag
Caveats
  • Supply blocks, unpowered buildings, or Contaminate may cause inaccurate times.
  • Supply counts are checked every 10 seconds.